 Dungeon Crawl Stone Soup version 0.32-a0-485-g70f7560b1c (webtiles) character file.

Game seed: 15582680426959432775

459 Bobbunny the Sneak (level 6, -1/30 HPs)
             Began as a Felid Shapeshifter on Feb 26, 2024.
             Slain by a gnoll bouda
             ... wielding a +0 whip
              (9 damage)
             ... on level 4 of the Dungeon.
             The game lasted 00:03:43 (3028 turns).

Bobbunny the Sneak (Felid Shapeshifter)             Turns: 3028, Time: 00:03:44

Health: -1/30      AC:  2    Str: 16    XL:     6   Next: 78%
Magic:  7/7        EV: 19    Int: 14    God:
Gold:   200        SH:  0    Dex: 17    Spells: 5/5 levels left
                                        Lives:  0   Deaths: 2

rFire   . .          .
                       - Unarmed
rCold   . . .        (shield unavailable)
rNeg    . . .        (body armour unavailable)
rPois   .            (helmet unavailable)
rElec   .            (cloak unavailable)
rCorr   .            (gloves unavailable)
SInv    +            (boots unavailable)
Will    .....        j - amulet of the acrobat
Stlth   +++          w - +6 ring of strength
HPRegen 0.25/turn    (no ring)
MPRegen 0.10/turn

%: acrobat
@: beast-form
A: beast (slay +1), very small, claws 1, fangs 3, see invisible, shaggy fur 2,
stealthy paws, no weapons or thrown items, no armour, multi-lived
a: Begin Untransformation


You were on level 4 of the Dungeon.
You were a hulking beast.
You visited 1 branch of the dungeon, and saw 4 of its levels.

You collected 317 gold pieces.
You spent 117 gold pieces at shops.

Inventory:

Jewellery
 j - an amulet of the acrobat (around neck)
 l - a ring of ice
 w - a +6 ring of strength (left paw)
Talismans
 b - a beast talisman (active)
 c - a flux talisman
Wands
 u - a wand of roots (13)
Scrolls
 d - 4 scrolls of teleportation
 e - a scroll of fear {unknown}
 f - 3 scrolls of fog {unknown}
 h - 2 scrolls of enchant weapon {unknown}
 k - a scroll of revelation {unknown}
 o - 2 scrolls of amnesia {unknown}
 p - a scroll of vulnerability
 r - a scroll of brand weapon {unknown}
 s - a scroll of poison
Potions
 a - a potion of lignification
 g - a potion of curing
 m - a potion of ambrosia {unknown}
 n - a potion of attraction {unknown}
 q - 2 potions of haste
 v - a potion of degeneration {unknown}


   Skills:
 - Level 1.0 Fighting
 - Level 5.0 Dodging
 + Level 6.0 Stealth
 + Level 5.2 Unarmed Combat
 - Level 3.0 Shapeshifting


You had 5 spell levels left.
You didn't know any spells.
Your spell library contained the following spells:

 Spells                   Type           Power      Damage    Failure   Level
 Call Canine Familiar     Summ           0%         N/A       65%         3
 Sigil of Binding         Hex            0%         N/A       65%         3
 Dimensional Bullseye     Hex/Tloc       Unusable   N/A       N/A         4

Dungeon Overview and Level Annotations

Branches:
Dungeon (4/15)
 Temple: D:4-7

Altars:
Ru
Trog
Vehumet

Shops:
D:2 ?


Innate Abilities, Weirdness & Mutations

You are a hulking beast.
Your limbs bulge with bestial killing power. (Slay +1)
You have sharp claws.
You have razor-sharp teeth.
You have supernaturally acute eyesight. (SInv)
You are covered in thick fur. (AC +2)
Your paws help you pounce on unaware monsters.
You are incapable of wielding weapons or throwing items.
You cannot wear armour.
You gain extra lives every three experience levels.


Message History

You claw the gnoll!
You kill the gnoll!
A gnoll bouda comes into view. It is wielding a +0 whip.
You barely miss the gnoll. The gnoll completely misses you.
You barely miss the gnoll. The gnoll misses you.
A gnoll comes into view. It is wielding a +0 whip.
The gnoll bouda shouts!
You claw the gnoll!
The gnoll is severely wounded.
The gnoll closely misses you.
You claw the gnoll!
You kill the gnoll!
Your life force feels restored.
Your Stealth skill increases to level 6!
A ribbon worm and 3 rats come into view.
Found a hand axe and a spear.
Found a bloodstained altar of Trog.
You scratch the goblin.
The goblin is moderately wounded.
The goblin misses you.
The gnoll bouda barks out a call to the hunt!
You closely miss the goblin.
The goblin is moderately wounded.
The goblin barely misses you.
You closely miss the goblin.
The goblin is moderately wounded.
The goblin barely misses you.
You miss the goblin.
The goblin is moderately wounded.
You claw the goblin!
You kill the goblin!
You barely miss the gnoll bouda.
The gnoll bouda hits you with a +0 whip!
You scratch the gnoll bouda.
The gnoll bouda is lightly wounded.
The gnoll bouda hits you with a +0 whip.
* * * LOW HITPOINT WARNING * * *
You completely miss the gnoll bouda.
The gnoll bouda is lightly wounded.
The gnoll bouda hits you with a +0 whip!
You die...

##### ##....# )......##
).......#
w..#....##########
r.###...##.......#
_.#y#...hgg......#
r.###...##.......#..
r..#....##).......#
........#.........#
.......##.........#
##....##........).#
########...........#
###........##+#........
#...##..#### #.#....##


You could see a moth of wrath, a gnoll bouda and a gnoll (swift).

Vanquished Creatures
  Grinder (D:3)
  A phantom (D:4)
  A hound (D:4)
  Ijyb (D:4)
  5 gnolls
  2 adders
  4 dart slugs
  5 orcs (D:4)
  5 ball pythons
  5 endoplasms
  2 giant cockroaches
  5 goblins
  3 hobgoblins
  4 jackals (D:2)
  2 bats
  3 frilled lizards
  4 kobolds
  3 rats
56 creatures vanquished.

Notes
Turn   | Place    | Note
-------+----------+-------------------------------------------
     0 | D:1      | Bobbunny the Felid Shapeshifter began the quest for the
                  | Orb.
     0 | D:1      | Reached XP level 1. HP: 10/10 MP: 2/2
   209 | D:1      | Reached skill level 1 in Stealth
   249 | D:1      | Reached XP level 2. HP: 14/14 MP: 3/3
   853 | D:2      | Reached XP level 3. HP: 15/18 MP: 4/4
  1051 | D:2      | Reached skill level 2 in Stealth
  1413 | D:3      | Noticed Grinder
  1430 | D:3      | Slain by Grinder
  1430 | D:3      | Lost a life (0 lives remaining)
  1668 | D:2      | Reached XP level 4. HP: 21/22 MP: 5/5
  1668 | D:2      | Gained a life (1 life remaining)
  1688 | D:2      | Slain by a gnoll
  1688 | D:2      | Lost a life (0 lives remaining)
  1756 | D:2      | Found The Oracle's Delphic Readings.
  1760 | D:2      | Bought a scroll of teleportation for 39 gold pieces
  1760 | D:2      | Bought a scroll of identify for 26 gold pieces
  1760 | D:2      | Bought a scroll of vulnerability for 52 gold pieces
  1825 | D:3      | Paralysed by Grinder for 3 turns
  1835 | D:3      | Killed Grinder
  1836 | D:3      | Reached skill level 5 in Dodging
  1836 | D:3      | Reached skill level 4 in Stealth
  1836 | D:3      | Reached XP level 5. HP: 8/25 MP: 6/6
  1836 | D:3      | Gained mutation: You are covered in thick fur. (AC +2)
                  | [Felid growth]
  1836 | D:3      | Reached XP level 6. HP: 9/30 MP: 7/7
  2290 | D:3      | Found a sacrificial altar of Ru.
  2737 | D:4      | Reached skill level 5 in Stealth
  2751 | D:4      | Reached skill level 5 in Unarmed Combat
  2799 | D:4      | Found a radiant altar of Vehumet.
  2823 | D:4      | Noticed Ijyb
  2839 | D:4      | Killed Ijyb
  3006 | D:4      | Noticed a moth of wrath
  3019 | D:4      | Reached skill level 6 in Stealth
  3019 | D:4      | Found a bloodstained altar of Trog.
  3028 | D:4      | Slain by a gnoll bouda

Illustrated notes

Levels and vault maps discovered:
D:1:      scummos_arrival_hexagon, layout_basic, minivault_5,
          chequers_serial_rivers_room_b, dreamdust_wishing_well, minivault_11,
          nicolae_kite_square_tiling_tiny
D:2:      layout_rooms, nicolae_nh_oracle_at_delphi
D:3:      layout_loops_corners, nicolae_ru_awakened_eye, uniq_grinder
D:4:      layout_basic, tgw_trog, nicolae_vehumet_radiance, enter_ossuary_1,
          chequers_serial_rivers_micro_c, nrook_mini_vaults,
          roderic_three_in_a_row, minivault_26, eino_tiny_chamber, uniq_ijyb

Skill      XL: |  1  2  3  4  5  6 |
---------------+-------------------+-----
Dodging        | 3 5 |  5.0
Stealth        | 1 2 4 6 |  6.0
Shapeshifting  | 3 |  3.0
Unarmed Combat | 4 5 |  5.2
Fighting       | |  1.0

Action                     |  1- 3 |  4- 6 || total
---------------------------+-------+-------++-------
  Melee: Unarmed           |    89 |    87 ||   176
         Bite              |     7 |     8 ||    15
         Punch             |       |     1 ||     1
    Use: Scroll            |       |     4 ||     4
   Stab: Sleeping          |     8 |     2 ||    10
         Distracted        |       |     1 ||     1
 Armour: Skin              |    22 |    24 ||    46
  Dodge: Dodged            |    72 |    65 ||   137

Table legend: (Time is in decaauts)
 A = Elapsed time spent in this place.
 B = Non-inter-level travel time spent in this place.
 C = Inter-level travel time spent in this place.
 D = Time resting spent in this place.
 E = Time spent auto-exploring this place.
 F = Levels seen in this place.
 G = Mean time per level.
                   A        B        C        D        E       F      G
               +--------+--------+--------+--------+--------+-----+--------+
         Total |   3019 |   2937 |     82 |    324 |   2121 |   4 |  754.8 |
       Dungeon |   3019 |   2937 |     82 |    324 |   2121 |   4 |  754.8 |
               +--------+--------+--------+--------+--------+-----+--------+

Top non-repeatable levels by time:
     D:3: 1066 daAuts
     D:1: 818 daAuts
     D:2: 794 daAuts
     D:4: 340 daAuts
